[Event "Chelyabinskiy variant-A 2021"]
[Site "Chelyabinsk"]
[Date "2021.03.27"]
[Round "5.12"]
[White "Harutjunyan, Gevorg"]
[Black "Petrov, Nikita"]
[Result "1/2-1/2"]
[ECO "B48"]
[WhiteElo "2439"]
[BlackElo "2571"]
[Annotator "ChessBase"]
[PlyCount "90"]
[EventDate "2021.03.23"]
[EventType "swiss"]
[EventCountry "RUS"]
[SourceTitle "playchess.com"]
[Source "ChessBase"]
[SourceQuality "1"]
[TimeControl "5400+30"]

1. e4 c5 2. Nf3 Nc6 3. d4 cxd4 4. Nxd4 e6 5. Nc3 Qc7 6. Be3 a6 7. a3 b5 8. Nxc6 Qxc6 9. Be2 Bb7 10. Qd4 Rc8 11. O-O Nf6 12. Bf3 Bc5 13. Qd3 e5 14. a4 b4 15. Nd5 Nxd5 16. exd5 Qd6 17. Rfe1 O-O 18. Bxc5 Rxc5 19. Qe4 a5 20. Qxe5 Qxe5 21. Rxe5 d6 22. Re7 Bxd5 23. Bxd5 Rxd5 24. Rae1 Rc5 25. R1e2 g6 26. Kf1 Rfc8 27. Re8+ Rxe8 28. Rxe8+ Kg7 29. Re2 Kf6 30. Ke1 Rh5 31. h3 Rg5 32. g3 Rh5 33. Rd2 Ke6 34. Re2+ Re5 35. f4 Rxe2+ 36. Kxe2 Kd5 37. Kd3 f5 38. b3 Kc5 39. Ke3 d5 40. Kd3 d4 41. Ke2 Kd5 42. Kd3 h6 43. h4 h5 44. Kd2 Ke4 45. Ke2 Kd5 1/2-1/2

[Event "Chelyabinskiy variant-A 2021"]
[Site "Chelyabinsk"]
[Date "2021.03.27"]
[Round "5.13"]
[White "Afanasiev, Nikita"]
[Black "Remizov, Yaroslav"]
[Result "1/2-1/2"]
[ECO "B12"]
[WhiteElo "2519"]
[BlackElo "2411"]
[Annotator "ChessBase"]
[PlyCount "78"]
[EventDate "2021.03.23"]
[EventType "swiss"]
[EventCountry "RUS"]
[SourceTitle "playchess.com"]
[Source "ChessBase"]
[SourceQuality "1"]
[TimeControl "5400+30"]

1. e4 c6 2. d4 d5 3. e5 c5 4. dxc5 e6 5. Nf3 Bxc5 6. Bd3 Ne7 7. Nbd2 Nbc6 8. Nb3 Bb6 9. O-O Ng6 10. Re1 Bd7 11. Qe2 O-O 12. Bg5 Qb8 13. Bxg6 fxg6 14. c4 h6 15. c5 Bc7 16. Bh4 a5 17. Bg3 a4 18. Nbd4 Ra5 19. Rac1 Bd8 20. b3 g5 21. h3 axb3 22. Nxb3 Ra4 23. Rb1 Qa7 24. Rb2 Be8 25. Qd3 Ra3 26. Qb1 Qa4 27. Rd2 g4 28. Nfd4 Nxd4 29. Rxd4 Rxb3 30. Rxa4 Rxb1 31. Rxb1 Bxa4 32. Rxb7 gxh3 33. Ra7 Bc2 34. c6 Bb6 35. Rb7 d4 36. Rxb6 d3 37. Bf4 Rxf4 38. Rb8+ Kf7 39. c7 Rc4 1/2-1/2

[Event "Chelyabinskiy variant-A 2021"]
[Site "Chelyabinsk"]
[Date "2021.03.28"]
[Round "6.1"]
[White "Shuvalova, Polina"]
[Black "Shomoev, Anton"]
[Result "1/2-1/2"]
[ECO "E91"]
[WhiteElo "2476"]
[BlackElo "2563"]
[Annotator "ChessBase"]
[PlyCount "83"]
[EventDate "2021.03.23"]
[EventType "swiss"]
[EventCountry "RUS"]
[SourceTitle "playchess.com"]
[Source "ChessBase"]
[SourceQuality "1"]
[TimeControl "5400+30"]

1. d4 Nf6 2. c4 g6 3. Nc3 Bg7 4. e4 d6 5. Nf3 O-O 6. Be2 c6 7. O-O e5 8. dxe5 dxe5 9. Nxe5 Nxe4 10. Nxe4 Bxe5 11. Bg5 Qxd1 12. Rfxd1 Nd7 13. Nd6 Nf6 14. Bf3 Kg7 15. Rd2 h6 16. Be3 Ng4 17. Bxg4 Bxg4 18. h3 Be6 19. Nxb7 Bxc4 20. Na5 Bd5 21. Rc1 Rfc8 22. b3 Bd6 23. Rd4 g5 24. h4 Ba3 25. Rc2 Be7 26. hxg5 hxg5 27. f3 f6 28. Kf2 Bd8 29. Nb7 Bb6 30. Ra4 Re8 31. Bc5 Kg6 32. Ra6 Rab8 33. Na5 Re6 34. Bxb6 axb6 35. Nc4 Bxc4 36. Rxc4 Rd8 37. Rc2 c5 38. Re2 Rdd6 39. a4 Kf7 40. Ra7+ Kg6 41. Ra6 Kf7 42. Ra7+ 1/2-1/2

[Event "Chelyabinskiy variant-A 2021"]
[Site "Chelyabinsk"]
[Date "2021.03.28"]
[Round "6.2"]
[White "Girya, Olga"]
[Black "Frolyanov, Dmitry"]
[Result "1/2-1/2"]
[ECO "D38"]
[WhiteElo "2432"]
[BlackElo "2542"]
[Annotator "ChessBase"]
[PlyCount "109"]
[EventDate "2021.03.23"]
[EventType "swiss"]
[EventCountry "RUS"]
[SourceTitle "playchess.com"]
[Source "ChessBase"]
[SourceQuality "1"]
[TimeControl "5400+30"]

1. d4 Nf6 2. c4 e6 3. Nf3 d5 4. Nc3 Bb4 5. Qa4+ Nc6 6. e3 O-O 7. Qc2 Re8 8. Bd2 Bf8 9. a3 e5 10. dxe5 Nxe5 11. cxd5 Nxf3+ 12. gxf3 Nxd5 13. Bd3 Nxc3 14. Bxc3 Qh4 15. O-O-O g6 16. Rhg1 Qh5 17. Qa4 Rd8 18. Qf4 Rd6 19. Bc4 Qf5 20. Rxd6 Qxf4 21. Rdxg6+ hxg6 22. exf4 Bf5 23. Bd5 Bd6 24. Be5 Re8 25. Bxd6 cxd6 26. Kd2 Re7 27. Re1 Rc7 28. Re8+ Kg7 29. Ra8 b6 30. Ke3 Bc8 31. b4 Kf6 32. a4 Bd7 33. a5 bxa5 34. bxa5 Be6 35. Be4 Bc8 36. Kd4 Ke7 37. h4 Kf6 38. Bd3 Bf5 39. Be4 Bc8 40. Bd3 Bf5 41. Bxf5 Kxf5 42. a6 Kxf4 43. Rb8 Rc1 44. Rb7 f5 45. Rxa7 Ra1 46. Kc4 Kxf3 47. Kb5 Rb1+ 48. Kc6 Ra1 49. Kb6 Rb1+ 50. Kc6 Ra1 51. Kb6 Rb1+ 52. Kc7 Ra1 53. Kb6 Rb1+ 54. Kc7 Ra1 55. Kb6 1/2-1/2

[Event "Chelyabinskiy variant-A 2021"]
[Site "Chelyabinsk"]
[Date "2021.03.28"]
[Round "6.3"]
[White "Makarian, Rudik"]
[Black "Fedorov, Alexei"]
[Result "1/2-1/2"]
[ECO "E73"]
[WhiteElo "2458"]
[BlackElo "2529"]
[Annotator "ChessBase"]
[PlyCount "91"]
[EventDate "2021.03.23"]
[EventType "swiss"]
[EventCountry "RUS"]
[SourceTitle "playchess.com"]
[Source "ChessBase"]
[SourceQuality "1"]
[TimeControl "5400+30"]

1. d4 Nf6 2. c4 g6 3. Nc3 Bg7 4. e4 d6 5. Be2 O-O 6. Be3 c6 7. Nf3 e5 8. d5 Ng4 9. Bg5 f6 10. Bc1 c5 11. h3 Nh6 12. g4 Nf7 13. Rg1 Bh6 14. Bxh6 Nxh6 15. Qd2 Nf7 16. O-O-O Ng5 17. Rg3 Nxf3 18. Bxf3 Na6 19. h4 Bd7 20. Be2 Nc7 21. Rdg1 Qe7 22. g5 fxg5 23. Rxg5 Kh8 24. Qe3 Rf4 25. Qg3 Rg8 26. h5 Be8 27. Rf5 g5 28. Rxg5 Rxg5 29. Qxg5 Qxg5 30. Rxg5 Rxf2 31. Rf5 Rf4 32. Rxf4 exf4 33. Bg4 Na8 34. h6 Nb6 35. b3 a6 36. Ne2 Bg6 37. Bf3 Nd7 38. Nxf4 Ne5 39. Bg2 Kg8 40. Kd2 Kf7 41. Bh3 Bxe4 42. Bc8 a5 43. Bxb7 Ng4 44. Kc3 Nxh6 45. Ne6 Ng4 46. Kd2 1/2-1/2

[Event "Chelyabinskiy variant-A 2021"]
[Site "Chelyabinsk"]
[Date "2021.03.28"]
[Round "6.4"]
[White "Bryakin, Mikhail"]
[Black "Drygalov, Andrey"]
[Result "0-1"]
[ECO "A22"]
[WhiteElo "2464"]
[BlackElo "2500"]
[Annotator "ChessBase"]
[PlyCount "150"]
[EventDate "2021.03.23"]
[EventType "swiss"]
[EventCountry "RUS"]
[SourceTitle "playchess.com"]
[Source "ChessBase"]
[SourceQuality "1"]
[TimeControl "5400+30"]

1. c4 Nf6 2. Nc3 e5 3. g3 Bb4 4. Bg2 O-O 5. e3 Bxc3 6. bxc3 d6 7. Ne2 e4 8. f3 exf3 9. Bxf3 Nc6 10. d3 Re8 11. e4 Bg4 12. Bxg4 Nxg4 13. Nd4 Nxd4 14. cxd4 Qf6 15. Qe2 Qxd4 16. Bb2 Qe3 17. Qxe3 Nxe3 18. Kd2 Ng4 19. Rab1 b6 20. Bc3 Ne5 21. Rhf1 Re6 22. Rf5 Rae8 23. a4 a5 24. Rb5 Nd7 25. Bd4 Rh6 26. h4 Rg6 27. Rf3 Rge6 28. Rff5 f6 29. Rf2 Kf7 30. Rff5 Ne5 31. Rf1 Ke7 32. Rf5 Rh8 33. Rf1 h5 34. Be3 Kd7 35. Rf5 g6 36. Rf1 Rf8 37. Rbb1 Ng4 38. Bd4 Re7 39. Rf4 Ref7 40. Re1 f5 41. e5 dxe5 42. Bxe5 Re7 43. Bc3 Rxe1 44. Kxe1 Kc6 45. Kd2 Nf6 46. Rf1 Nd7 47. Re1 Nc5 48. Re7 Rd8 49. d4 Rd7 50. Rxd7 Ne4+ 51. Kd3 Kxd7 52. Be1 Ke6 53. Ke3 Kf6 54. Kf4 Nd6 55. c5 Ne4 56. cxb6 cxb6 57. d5 Nc5 58. Bc3+ Ke7 59. Bd4 Nxa4 60. d6+ Kxd6 61. Kg5 Kd5 62. Bg7 Ke6 63. Kxg6 Nc5 64. Bd4 Ne4 65. Bxb6 a4 66. Kxh5 Kd5 67. Be3 a3 68. Bc1 a2 69. Bb2 Nxg3+ 70. Kg5 Ke4 71. Bc3 f4 72. Kg4 Nf5 73. h5 f3 74. Kh3 Kd3 75. Bg7 f2 0-1

[Event "Chelyabinskiy variant-A 2021"]
[Site "Chelyabinsk"]
[Date "2021.03.28"]
[Round "6.5"]
[White "Ponkratov, Pavel"]
[Black "Remizov, Yaroslav"]
[Result "1-0"]
[ECO "B12"]
[WhiteElo "2619"]
[BlackElo "2411"]
[Annotator "ChessBase"]
[PlyCount "75"]
[EventDate "2021.03.23"]
[EventType "swiss"]
[EventCountry "RUS"]
[SourceTitle "playchess.com"]
[Source "ChessBase"]
[SourceQuality "1"]
[TimeControl "5400+30"]

1. e4 c6 2. d4 d5 3. e5 c5 4. dxc5 e6 5. a3 Bxc5 6. Qg4 g6 7. Nf3 Nc6 8. b4 Bf8 9. Bb2 h5 10. Qg3 Nh6 11. Bd3 Nf5 12. Bxf5 gxf5 13. h4 a5 14. b5 Ne7 15. Nbd2 Ng6 16. c4 Bh6 17. Rd1 Rg8 18. Ng5 Nxh4 19. Qxh4 Qxg5 20. Qxh5 Qxh5 21. Rxh5 Bxd2+ 22. Rxd2 dxc4 23. Rh4 Bd7 24. a4 Rc8 25. Bc3 Rc5 26. f3 Ke7 27. Kf2 Ra8 28. Rc2 Be8 29. Bd4 Rcc8 30. Bb2 b6 31. Rd2 Kf8 32. Ba3+ Kg7 33. Be7 c3 34. Bf6+ Kg6 35. Rc2 Ra7 36. g4 Rd7 37. Kg3 Rd2 38. g5 1-0

[Event "Chelyabinskiy variant-A 2021"]
[Site "Chelyabinsk"]
[Date "2021.03.28"]
[Round "6.6"]
[White "Lysyj, Igor"]
[Black "Kovalchuk, Alexey"]
[Result "1-0"]
[ECO "A59"]
[WhiteElo "2605"]
[BlackElo "2379"]
[Annotator "ChessBase"]
[PlyCount "81"]
[EventDate "2021.03.23"]
[EventType "swiss"]
[EventCountry "RUS"]
[SourceTitle "playchess.com"]
[Source "ChessBase"]
[SourceQuality "1"]
[TimeControl "5400+30"]

1. d4 Nf6 2. c4 c5 3. d5 b5 4. cxb5 a6 5. bxa6 Bxa6 6. Nc3 d6 7. e4 Bxf1 8. Kxf1 g6 9. g3 Bg7 10. Nf3 Nbd7 11. Kg2 O-O 12. a4 Qb6 13. Qe2 Rfb8 14. Nb5 Ne8 15. Ra3 Nc7 16. Nxc7 Qxc7 17. b3 Qa5 18. Bd2 Qa6 19. Qxa6 Rxa6 20. a5 f5 21. exf5 Nf6 22. fxg6 hxg6 23. h4 Nxd5 24. h5 gxh5 25. Rxh5 Nc3 26. Be1 Bf6 27. Rf5 Nb1 28. Ra4 Rxb3 29. Ng5 Kg7 30. Ne6+ Kf7 31. Re4 c4 32. Nc7 Rc6 33. Nd5 Rb7 34. a6 Ra7 35. Rxe7+ Rxe7 36. Rxf6+ Ke8 37. Nxe7 Kxe7 38. a7 Ra6 39. Rh6 c3 40. Bxc3 Nxc3 41. Rh8 1-0

[Event "Chelyabinskiy variant-A 2021"]
[Site "Chelyabinsk"]
[Date "2021.03.28"]
[Round "6.8"]
[White "Suleymenov, Alisher"]
[Black "Utegaliyev, Azamat"]
[Result "1/2-1/2"]
[ECO "E20"]
[WhiteElo "2440"]
[BlackElo "2507"]
[Annotator "ChessBase"]
[PlyCount "111"]
[EventDate "2021.03.23"]
[EventType "swiss"]
[EventCountry "RUS"]
[SourceTitle "playchess.com"]
[Source "ChessBase"]
[SourceQuality "1"]
[TimeControl "5400+30"]

1. d4 Nf6 2. c4 e6 3. Nc3 Bb4 4. f3 d5 5. a3 Bxc3+ 6. bxc3 c6 7. e4 dxe4 8. fxe4 e5 9. Nf3 Qa5 10. Bd2 Nxe4 11. Bd3 Nxd2 12. Qxd2 exd4 13. cxd4 Qxd2+ 14. Kxd2 O-O 15. Rhe1 Bd7 16. c5 b6 17. Bc4 Be6 18. Bxe6 fxe6 19. Rxe6 bxc5 20. Ne5 a5 21. Rb1 Ra7 22. dxc5 Rc7 23. Kc3 Na6 24. Nd3 Rd8 25. Rd6 Re8 26. Kd4 Nb8 27. Ne5 h6 28. h4 h5 29. g3 Rec8 30. Rf1 Rb7 31. Rf5 Rb3 32. g4 hxg4 33. Rf7 Rf3 34. Rb7 Rf4+ 35. Ke3 Rf5 36. Ke4 Rf1 37. Rg6 Re1+ 38. Kf4 Rf8+ 39. Kg3 Re3+ 40. Kxg4 Re4+ 41. Kh3 Re3+ 42. Rg3 Rxg3+ 43. Kxg3 Na6 44. Nxc6 Nxc5 45. Rb5 Ne4+ 46. Kg4 a4 47. Ne7+ Kf7 48. Nf5 g6 49. Rb7+ Kf6 50. Ne3 Ke5 51. Re7+ Kd4 52. Nc2+ Kd3 53. Ne1+ Ke3 54. Nc2+ Kd3 55. Ne1+ Ke3 56. Nc2+ 1/2-1/2

[Event "Chelyabinskiy variant-A 2021"]
[Site "Chelyabinsk"]
[Date "2021.03.28"]
[Round "6.9"]
[White "Khanin, Semen"]
[Black "Gutenev, Alexander"]
[Result "1-0"]
[ECO "D90"]
[WhiteElo "2506"]
[BlackElo "2451"]
[Annotator "ChessBase"]
[PlyCount "57"]
[EventDate "2021.03.23"]
[EventType "swiss"]
[EventCountry "RUS"]
[SourceTitle "playchess.com"]
[Source "ChessBase"]
[SourceQuality "1"]
[TimeControl "5400+30"]

1. d4 Nf6 2. c4 g6 3. Nc3 d5 4. Nf3 Bg7 5. g3 O-O 6. Bg2 c6 7. O-O dxc4 8. e4 Bg4 9. h3 Bxf3 10. Bxf3 e5 11. dxe5 Nfd7 12. e6 fxe6 13. Be3 b5 14. Bg2 Nb6 15. Qe2 Na6 16. a4 b4 17. a5 bxc3 18. axb6 axb6 19. Qxc4 Nc5 20. Rxa8 Qxa8 21. Bxc5 bxc5 22. bxc3 Qa3 23. e5 Kh8 24. f4 g5 25. Kh1 gxf4 26. gxf4 Bh6 27. Qxe6 Bxf4 28. Qe7 Qa8 29. Be4 1-0

[Event "Chelyabinskiy variant-A 2021"]
[Site "Chelyabinsk"]
[Date "2021.03.28"]
[Round "6.10"]
[White "Skatchkov, Valery"]
[Black "Demchenko, Anton"]
[Result "0-1"]
[ECO "E71"]
[WhiteElo "2283"]
[BlackElo "2610"]
[Annotator "ChessBase"]
[PlyCount "148"]
[EventDate "2021.03.23"]
[EventType "swiss"]
[EventCountry "RUS"]
[SourceTitle "playchess.com"]
[Source "ChessBase"]
[SourceQuality "1"]
[TimeControl "5400+30"]

1. d4 Nf6 2. c4 g6 3. Nc3 Bg7 4. e4 d6 5. h3 e5 6. d5 Na6 7. b4 O-O 8. a3 c6 9. Be3 Nc7 10. g4 Nfe8 11. Qd2 cxd5 12. cxd5 f5 13. gxf5 gxf5 14. exf5 Bxf5 15. Nge2 Nf6 16. Ng3 Qd7 17. Nxf5 Qxf5 18. Rg1 Kh8 19. h4 a6 20. Rc1 Rae8 21. Be2 Qh3 22. h5 Rg8 23. Kd1 Qf5 24. Rg5 Qd7 25. Kc2 Rgf8 26. Rg2 Nxh5 27. Rcg1 Re7 28. Bg4 Qe8 29. Kb3 Nf4 30. Rh2 Qf7 31. Bf3 Ne8 32. Ne4 Qxd5+ 33. Qxd5 Nxd5 34. Ng5 Nxe3 35. Nxh7 Nf1 36. Nxf8+ Nxh2 37. Ng6+ Kh7 38. Be4 Rc7 39. Rh1 Nf6 40. Rxh2+ Kg8 41. Bf5 Kf7 42. Nh4 e4 43. Bg6+ Ke6 44. Rg2 d5 45. Nf5 Ke5 46. Nxg7 Rxg7 47. Bxe4 Rc7 48. Bc2 Kf4 49. Rg3 Ne4 50. Rd3 Rd7 51. Bd1 Ke5 52. f3 Ng5 53. Kc3 d4+ 54. Kd2 Ne6 55. Rb3 Rh7 56. Bc2 Rh2+ 57. Kd1 Rh1+ 58. Kd2 Rh2+ 59. Kd1 Nc7 60. Be4 Nd5 61. Kc1 b6 62. Bd3 b5 63. Rb2 Rh1+ 64. Kc2 Ne3+ 65. Kb3 Rc1 66. Rd2 Rc3+ 67. Kb2 Nc4+ 68. Bxc4 bxc4 69. f4+ Ke4 70. f5 Rf3 71. Re2+ Kd5 72. Re6 Rxf5 73. Rxa6 Rf2+ 74. Kc1 c3 0-1

[Event "Chelyabinskiy variant-A 2021"]
[Site "Chelyabinsk"]
[Date "2021.03.28"]
[Round "6.11"]
[White "Petrov, Nikita"]
[Black "Simantsev, Mikhail"]
[Result "1-0"]
[ECO "E17"]
[WhiteElo "2571"]
[BlackElo "2389"]
[Annotator "ChessBase"]
[PlyCount "83"]
[EventDate "2021.03.23"]
[EventType "swiss"]
[EventCountry "RUS"]
[SourceTitle "playchess.com"]
[Source "ChessBase"]
[SourceQuality "1"]
[TimeControl "5400+30"]

1. d4 Nf6 2. c4 e6 3. Nf3 b6 4. g3 Bb7 5. Bg2 Be7 6. Nc3 Ne4 7. Bd2 O-O 8. O-O f5 9. Ne5 Nxc3 10. Bxc3 Bxg2 11. Kxg2 Bf6 12. Qd3 Nc6 13. Nxc6 dxc6 14. Rad1 Qd7 15. e4 Rad8 16. Qe2 Rfe8 17. Rfe1 g6 18. h4 h5 19. Qf3 Bg7 20. e5 b5 21. b3 bxc4 22. bxc4 Bh6 23. Bb4 Bf8 24. Bd2 Rb8 25. Bc3 Bb4 26. Re3 Bxc3 27. Rxc3 Red8 28. Ra3 Rb4 29. Qc3 Rb7 30. Ra5 Rf8 31. Qf3 Rb4 32. Rc5 Rb6 33. a4 Ra6 34. a5 Kg7 35. d5 cxd5 36. cxd5 Rf7 37. Qc3 Kh7 38. Qc4 Qc8 39. d6 Qb7+ 40. Kg1 cxd6 41. exd6 f4 42. Rc7 1-0

[Event "Chelyabinskiy variant-A 2021"]
[Site "Chelyabinsk"]
[Date "2021.03.28"]
[Round "6.13"]
[White "Kotsur, Pavel"]
[Black "Garifullina, Leya"]
[Result "0-1"]
[ECO "D39"]
[WhiteElo "2517"]
[BlackElo "2375"]
[Annotator "ChessBase"]
[PlyCount "79"]
[EventDate "2021.03.23"]
[EventType "swiss"]
[EventCountry "RUS"]
[SourceTitle "playchess.com"]
[Source "ChessBase"]
[SourceQuality "1"]
[TimeControl "5400+30"]

1. Nf3 Nf6 2. c4 e6 3. d4 d5 4. Bg5 dxc4 5. Nc3 Bb4 6. Qa4+ Nc6 7. e3 Bd7 8. Qc2 b5 9. Be2 Rb8 10. O-O Be7 11. Rad1 h6 12. Bxf6 Bxf6 13. Ne4 Be7 14. a3 Qc8 15. Nfd2 O-O 16. f4 f5 17. Nc3 Bd6 18. g3 Be8 19. Bf3 a5 20. Rfe1 Qa6 21. d5 exd5 22. Nxd5 Kh8 23. Kg2 Bd7 24. Nf1 Be6 25. e4 Qa7 26. exf5 Bxf5 27. Be4 Bg4 28. Rd2 Nd4 29. Qc3 Nb3 30. Rf2 Rbe8 31. f5 Qd4 32. Qxd4 Nxd4 33. f6 Bf5 34. fxg7+ Kxg7 35. Nd2 Nb3 36. Ree2 Nxd2 37. Bxf5 Rxe2 38. Rxe2 Nb3 39. Bd7 Rd8 40. Bg4 0-1

[Event "Chelyabinskiy variant-A 2021"]
[Site "Chelyabinsk"]
[Date "2021.03.28"]
[Round "7.3"]
[White "Lysyj, Igor"]
[Black "Shuvalova, Polina"]
[Result "1/2-1/2"]
[ECO "E06"]
[WhiteElo "2605"]
[BlackElo "2476"]
[Annotator "ChessBase"]
[PlyCount "127"]
[EventDate "2021.03.23"]
[EventType "swiss"]
[EventCountry "RUS"]
[SourceTitle "playchess.com"]
[Source "ChessBase"]
[SourceQuality "1"]
[TimeControl "5400+30"]

1. d4 Nf6 2. c4 e6 3. Nf3 d5 4. g3 Be7 5. Bg2 O-O 6. Qd3 c5 7. O-O Nc6 8. cxd5 Nxd5 9. dxc5 Bxc5 10. a3 Be7 11. Rd1 Qc7 12. e4 Nb6 13. Qc2 Rd8 14. Rxd8+ Qxd8 15. Bf4 Bd7 16. Nc3 Rc8 17. Rd1 Qf8 18. Qe2 h6 19. Nb5 e5 20. Be3 Bc5 21. Bxc5 Qxc5 22. b4 Qe7 23. Nd6 Rc7 24. Nb5 Rc8 25. Nd6 Rc7 26. Nf5 Qe8 27. Qc2 Bxf5 28. exf5 Re7 29. Qe4 Nd7 30. b5 Nf6 31. Qa4 Nd4 32. Nxd4 exd4 33. Bf1 b6 34. Qxd4 Rd7 35. Qa1 Qe4 36. Qc1 Kh7 37. Rxd7 Nxd7 38. Qc4 Qxc4 39. Bxc4 Kg8 40. f4 Kf8 41. Kf2 Ke7 42. Kf3 Nc5 43. g4 Kf6 44. Ke3 Ke7 45. Kf3 Kf6 46. h4 Nb7 47. Bd3 Nd6 48. g5+ hxg5 49. fxg5+ Ke7 50. Ke3 f6 51. Kd4 Nf7 52. gxf6+ gxf6 53. Kd5 Kd7 54. Be2 Nh6 55. Bh5 Ng8 56. Bf7 Nh6 57. Be6+ Kc7 58. a4 Ng4 59. Bf7 Kd7 60. Be6+ Kc7 61. h5 Ne3+ 62. Kd4 Ng4 63. Bc4 Kd6 64. Be2 1/2-1/2

[Event "Chelyabinskiy variant-A 2021"]
[Site "Chelyabinsk"]
[Date "2021.03.28"]
[Round "7.4"]
[White "Shomoev, Anton"]
[Black "Girya, Olga"]
[Result "1-0"]
[ECO "C80"]
[WhiteElo "2563"]
[BlackElo "2432"]
[Annotator "ChessBase"]
[PlyCount "101"]
[EventDate "2021.03.23"]
[EventType "swiss"]
[EventCountry "RUS"]
[SourceTitle "playchess.com"]
[Source "ChessBase"]
[SourceQuality "1"]
[TimeControl "5400+30"]

1. e4 e5 2. Nf3 Nc6 3. Bb5 a6 4. Ba4 Nf6 5. O-O Nxe4 6. d4 b5 7. Bb3 d5 8. dxe5 Be6 9. Nbd2 Nc5 10. c3 d4 11. Bxe6 Nxe6 12. cxd4 Ncxd4 13. a4 Bb4 14. axb5 Nxb5 15. Nc4 Qxd1 16. Rxd1 O-O 17. Be3 Rfb8 18. Na5 Bxa5 19. Rxa5 c5 20. Rda1 Nbd4 21. Bxd4 Nxd4 22. Nxd4 cxd4 23. Rxa6 Rxa6 24. Rxa6 g5 25. h4 gxh4 26. Rd6 Rxb2 27. Rxd4 Rb1+ 28. Kh2 Re1 29. Rg4+ Kf8 30. f4 f6 31. exf6 Re6 32. Rxh4 Rxf6 33. Kg3 Kg7 34. Rh5 Ra6 35. Kg4 Ra1 36. Rb5 Rg1 37. g3 Kf7 38. Rb7+ Kg8 39. Kh4 Rg2 40. f5 Rg1 41. g4 Ra1 42. Kg5 Ra6 43. Re7 Rb6 44. Re6 Rb4 45. Kf6 h6 46. Re8+ Kh7 47. Re7+ Kh8 48. g5 hxg5 49. Kg6 Rb8 50. f6 Rg8+ 51. Kh6 1-0

[Event "Chelyabinskiy variant-A 2021"]
[Site "Chelyabinsk"]
[Date "2021.03.28"]
[Round "7.5"]
[White "Frolyanov, Dmitry"]
[Black "Makarian, Rudik"]
[Result "1/2-1/2"]
[ECO "C67"]
[WhiteElo "2542"]
[BlackElo "2458"]
[Annotator "ChessBase"]
[PlyCount "33"]
[EventDate "2021.03.23"]
[EventType "swiss"]
[EventCountry "RUS"]
[SourceTitle "playchess.com"]
[Source "ChessBase"]
[SourceQuality "1"]
[TimeControl "5400+30"]

1. e4 e5 2. Nf3 Nc6 3. Bb5 Nf6 4. O-O Nxe4 5. Re1 Nd6 6. Nxe5 Be7 7. Bf1 Nxe5 8. Rxe5 O-O 9. Nc3 Ne8 10. Nd5 Bd6 11. Re1 c6 12. Ne3 Bc7 13. Nf5 d5 14. Ne7+ Kh8 15. Nxc8 Rxc8 16. d3 f5 17. Qh5 1/2-1/2

[Event "Chelyabinskiy variant-A 2021"]
[Site "Chelyabinsk"]
[Date "2021.03.28"]
[Round "7.6"]
[White "Demchenko, Anton"]
[Black "Gleizerov, Evgeny"]
[Result "1/2-1/2"]
[ECO "C05"]
[WhiteElo "2610"]
[BlackElo "2468"]
[Annotator "ChessBase"]
[PlyCount "137"]
[EventDate "2021.03.23"]
[EventType "swiss"]
[EventCountry "RUS"]
[SourceTitle "playchess.com"]
[Source "ChessBase"]
[SourceQuality "1"]
[TimeControl "5400+30"]

1. d4 e6 2. e4 d5 3. Nd2 Nf6 4. e5 Nfd7 5. c3 c5 6. f4 Nc6 7. Ndf3 Qb6 8. a3 Be7 9. h4 h5 10. Nh3 cxd4 11. cxd4 f5 12. Be2 g6 13. O-O a5 14. b3 Ndb8 15. Be3 Bd7 16. Nf2 Na6 17. Nd3 Rc8 18. Qd2 Ncb8 19. b4 axb4 20. axb4 Bb5 21. Rfb1 Kf7 22. Nc5 Nc7 23. Bd1 Qc6 24. Rc1 b6 25. Na4 Qb7 26. Nc3 Bc4 27. b5 Nxb5 28. Na4 Nc7 29. Rab1 b5 30. Nb2 Qc6 31. Qf2 Qd7 32. Be2 Nc6 33. Nd3 Ra8 34. Qg3 Ra3 35. Rd1 b4 36. Bc1 Ra2 37. Bb2 Kg7 38. Nc1 Bxe2 39. Nxe2 Na5 40. Nc1 Ra4 41. Nd3 Nc4 42. Nc5 Bxc5 43. dxc5 Qe7 44. Bd4 Rb8 45. Rd3 Na6 46. Kh2 Ra3 47. Rdd1 Ne3 48. Bxe3 Rxe3 49. c6 Rc3 50. Rdc1 Rxc1 51. Rxc1 b3 52. Rb1 Nc5 53. Ng5 Ne4 54. Qe3 Nxg5 55. hxg5 b2 56. Qc3 Qc7 57. Qc5 Rb6 58. Qa3 Kf7 59. Rxb2 Rxb2 60. Qxb2 Qxc6 61. Qb8 Qe8 62. Qc7+ Qe7 63. Qb6 Qd7 64. Qd4 Ke8 65. Kg3 Qc7 66. Qa4+ Kf7 67. Qb4 Qd7 68. Qd4 Qb7 69. Qa4 1/2-1/2

[Event "Chelyabinskiy variant-A 2021"]
[Site "Chelyabinsk"]
[Date "2021.03.28"]
[Round "7.7"]
[White "Azarov, Sergei"]
[Black "Bryakin, Mikhail"]
[Result "1/2-1/2"]
[ECO "B12"]
[WhiteElo "2604"]
[BlackElo "2464"]
[Annotator "ChessBase"]
[PlyCount "90"]
[EventDate "2021.03.23"]
[EventType "swiss"]
[EventCountry "RUS"]
[SourceTitle "playchess.com"]
[Source "ChessBase"]
[SourceQuality "1"]
[TimeControl "5400+30"]

1. e4 c6 2. d4 d5 3. e5 c5 4. dxc5 e6 5. a3 Bxc5 6. Qg4 Ne7 7. Bd3 h5 8. Qe2 Nbc6 9. Nf3 Qc7 10. O-O Nd4 11. Nxd4 Bxd4 12. Re1 Nc6 13. Bb5 Bd7 14. Bxc6 Bxc6 15. c3 Bb6 16. Bg5 d4 17. cxd4 Bxd4 18. Nc3 Bxc3 19. bxc3 Bd5 20. Qe3 b6 21. Rad1 Rc8 22. Rd3 Qc4 23. h3 Qa4 24. Red1 Rc4 25. Rd4 Qb3 26. R1d3 Rxd4 27. Qxd4 O-O 28. Rg3 Rc8 29. Bf6 g6 30. Qf4 Kh7 31. Be7 Qb1+ 32. Kh2 Qf5 33. Qxf5 gxf5 34. Rg5 Kh6 35. h4 f4 36. f3 Bb3 37. Bf6 Bc2 38. Rg7 Bg6 39. c4 a6 40. Kg1 b5 41. cxb5 axb5 42. Kh2 Ra8 43. Kg1 Rc8 44. Kh2 Ra8 45. Kg1 Rc8 1/2-1/2

[Event "Chelyabinskiy variant-A 2021"]
[Site "Chelyabinsk"]
[Date "2021.03.28"]
[Round "7.8"]
[White "Zarubitski, Viachaslau"]
[Black "Petrov, Nikita"]
[Result "1/2-1/2"]
[ECO "C48"]
[WhiteElo "2446"]
[BlackElo "2571"]
[Annotator "ChessBase"]
[PlyCount "31"]
[EventDate "2021.03.23"]
[EventType "swiss"]
[EventCountry "RUS"]
[SourceTitle "playchess.com"]
[Source "ChessBase"]
[SourceQuality "1"]
[TimeControl "5400+30"]

1. e4 e5 2. Nf3 Nc6 3. Nc3 Nf6 4. Bb5 Bc5 5. O-O O-O 6. Bxc6 dxc6 7. h3 Re8 8. d3 Nd7 9. Be3 Bd6 10. Nd2 Nf8 11. Nc4 Ng6 12. a4 Bf8 13. Ne2 Be6 14. b3 a5 15. Qc1 Qd7 16. Ng3 1/2-1/2

[Event "Chelyabinskiy variant-A 2021"]
[Site "Chelyabinsk"]
[Date "2021.03.28"]
[Round "7.9"]
[White "Utegaliyev, Azamat"]
[Black "Gabrielian, Artur"]
[Result "1/2-1/2"]
[ECO "B26"]
[WhiteElo "2507"]
[BlackElo "2448"]
[Annotator "ChessBase"]
[PlyCount "89"]
[EventDate "2021.03.23"]
[EventType "swiss"]
[EventCountry "RUS"]
[SourceTitle "playchess.com"]
[Source "ChessBase"]
[SourceQuality "1"]
[TimeControl "5400+30"]

1. e4 c5 2. Nc3 d6 3. g3 Nc6 4. Bg2 g6 5. d3 Bg7 6. Be3 Nf6 7. Nge2 O-O 8. O-O Rb8 9. h3 b5 10. Qd2 b4 11. Nd1 Nd7 12. Bh6 Nd4 13. Bxg7 Kxg7 14. a3 a5 15. Nxd4 cxd4 16. axb4 axb4 17. b3 Qc7 18. f4 e5 19. Nb2 Nc5 20. f5 f6 21. g4 g5 22. Ra2 Ba6 23. Rfa1 Rb6 24. Na4 Nxa4 25. Rxa4 Qb7 26. Bf3 h6 27. h4 Rh8 28. Kg2 Qc6 29. Kg3 Qb7 30. Rh1 Bb5 31. Raa1 Bc6 32. hxg5 fxg5 33. Rh5 Be8 34. Rxh6 Rxh6 35. Qxg5+ Kh7 36. Qd8 Rc6 37. Qxe8 Rc8 38. Ra7 Qxa7 39. Qxc8 Qe7 40. Kg2 Kg7 41. Qc4 Qg5 42. Qc7+ Kh8 43. Qb8+ Kg7 44. Qc7+ Kh8 45. Qb8+ 1/2-1/2